 Dungeon Crawl Stone Soup version 0.27.0-1-g7a089689b8 (webtiles) character file.

Game seed: 16134070458575862077

45 ZombieSheep the Magician (level 3, 0/28 HPs)
             Began as a Gnoll Wanderer on Aug 7, 2021.
             Was a Plaything of Xom.
             Slain by a hobgoblin (11 damage)
             ... on level 3 of the Dungeon.
             The game lasted 00:04:11 (2332 turns).

ZombieSheep the Magician (Gnoll Wanderer)           Turns: 2332, Time: 00:04:13

Health: 0/28       AC:  6    Str:  5 (7)  XL:     3   Next: 64%
Magic:  9/9        EV:  6    Int: 13 (14) God:    Xom [*.....]
Gold:   99         SH:  0    Dex:  6 (9)  Spells: 11/12 levels left

rFire    . . .     SeeInvis .   a - +2 spear
rCold    . . .     Faith    .   (no shield)
rNeg     . . .     Spirit   .   f - +1 scale mail
rPois    .         Reflect  .   d - +1 helmet of Modern Tender Moments {Int+4}
rElec    .         Harm     .   (no cloak)
rCorr    .         Rampage  .   (no gloves)
Will     .....                  (no boots)
Stlth    +.........             (no amulet)
HPRegen  0.09/turn              (no ring)
MPRegen  0.11/turn              (no ring)

@: no status effects
A: fangs 1, strong nose, distributed training, clumsy 1, deformed body,
deterioration 1, dopey 1, weak 2
a: Renounce Religion


You were on level 3 of the Dungeon.
You worshipped Xom.
You were a special plaything of Xom.
You visited 1 branch of the dungeon, and saw 3 of its levels.

You collected 99 gold pieces.

Inventory:

Hand Weapons
 a - a +2 spear (weapon)
 b - a +0 hunting sling
 c - a +0 dagger
Missiles
 h - 66 stones
 i - 83 sling bullets
Armour
 d - the +1 helmet of Modern Tender Moments (worn) {Int+4}
   (You acquired it on level 1 of the Dungeon)

   Int:       It affects your intelligence (+4).
 f - a +1 scale mail (worn)
 g - a +0 robe
Scrolls
 j - a scroll of teleportation
 n - a scroll of identify
Potions
 e - 2 potions of curing
 k - a potion of heal wounds {unknown}
 l - a potion of brilliance {unknown}
 m - a potion of ambrosia {unknown}


   Skills:
 + Level 2.6 Fighting
 + Level 0.9 Short Blades
 + Level 0.9 Long Blades
 + Level 0.9 Axes
 + Level 0.9 Maces & Flails
 + Level 0.9 Polearms
 + Level 0.9 Staves
 + Level 0.9 Slings
 + Level 0.9 Bows
 + Level 0.9 Crossbows
 + Level 2.6 Throwing
 + Level 0.9 Armour
 + Level 0.9 Dodging
 + Level 4.2 Stealth
 + Level 0.9 Shields
 + Level 0.9 Unarmed Combat
 + Level 5.0 Spellcasting
 + Level 0.6 Conjurations
 + Level 0.6 Hexes
 + Level 0.6 Summonings
 + Level 0.6 Necromancy
 + Level 2.1 Translocations
 + Level 0.6 Transmutations
 + Level 0.6 Fire Magic
 + Level 0.6 Ice Magic
 + Level 3.8 Air Magic
 + Level 0.6 Earth Magic
 + Level 0.6 Poison Magic
 + Level 1.0 Invocations
 + Level 2.6 Evocations


You had 11 spell levels left.
You knew the following spells:

 Your Spells              Type           Power      Damage    Failure   Level
a - Apportation           Tloc           16%        N/A       88%         1

Your spell library contained the following spells:

 Spells                   Type           Power      Damage    Failure   Level
 Poisonous Vapours        Pois/Air       18%        N/A       95%         2
 Static Discharge         Conj/Air       9%         N/A       95%         2
 Conjure Flame            Conj/Fire      4%         6-21      100%        3
 Ignite Poison            Fire/Tmut/Pois 4%         N/A       100%        3
 Portal Projectile        Hex/Tloc       12%        N/A       100%        3
 Stone Arrow              Conj/Erth      8%         3d7       100%        3
 Fulminant Prism          Conj/Hex       2%         3d6       100%        4
 Iskenderun's Mystic Bla  Conj/Tloc      6%         2d4       100%        4
 Sticky Flame             Conj/Fire      4%         2d3       100%        4
 Bolt of Magma            Conj/Fire/Erth 2%         4d4       100%        5
 Lee's Rapid Deconstruct  Erth           2%         3d5*      100%        5
 Shatter                  Erth           2%         3d6*      100%        9


Dungeon Overview and Level Annotations

Branches:
Dungeon (3/15)

Altars:
Okawaru
Xom

Shops:
D:2 =


Innate Abilities, Weirdness & Mutations

You have very sharp teeth.
Your uncanny sense of smell can sniff out nearby items.
Your experience applies equally to all skills.
You are clumsy. (Dex -2)
Armour fits poorly on your strangely shaped body.
Your body sometimes deteriorates upon taking damage.
You are dopey. (Int -2)
You are very weak. (Str -4)


Message History

You barely miss the hobgoblin.
The hobgoblin hits you but does no damage.
You closely miss the hobgoblin.
The hobgoblin hits you but does no damage.
You hit the hobgoblin.
The hobgoblin is severely wounded.
The hobgoblin hits you.
You hit the hobgoblin but do no damage.
The hobgoblin is severely wounded.
The hobgoblin hits you.
You feel threatened and lose the ability to read scrolls!
You hit the hobgoblin.
You kill the hobgoblin!
You can read scrolls again. "Let me alter your body."
Your body is suffused with distortional energy.
You feel clumsy.
You feel stupid.
You can once more read scrolls while threatened.
A hobgoblin comes into view.
It is wielding a +1 morningstar of holy wrath.
The hobgoblin shouts!
The hobgoblin throws a stone.
The stone hits you but does no damage.
You see here a hobgoblin corpse.
The hobgoblin throws a stone.
The stone hits you.
You reach to attack!
You barely miss the hobgoblin. You barely miss the hobgoblin.
The hobgoblin hits you with a +1 morningstar of holy wrath.
You hit the hobgoblin.
The hobgoblin is almost dead.
The hobgoblin hits you with a +1 morningstar of holy wrath!
Your body deteriorates!
You feel clumsy.
You are too injured to fight recklessly!
You are too injured to fight recklessly!
Reach: a) +2 spear
Press: ? - help, Dir - move target, f/p - hobgoblin
Aim: a hobgoblin, wielding a +1 morningstar of holy wrath and quivering stones (almost dead, about 41% to evade your +2 spear)
You closely miss the hobgoblin.
The hobgoblin is almost dead.
The hobgoblin hits you with a +1 morningstar of holy wrath!
You die... "I guess I need a new plaything now."

#.##########....
#...............
###..##...........
####..........###....
..
..........>...###....
.#
####.#..###>.........
.. #.#..############)
.#
##†#..÷.........##.
.#
#.@..##########.##.
.### ###g## ## ...#
#'# # <..###
#..((.)...# #
.....###
.(..(#####..... #
...#.#.. #... ...# #
...#.#.# ##. .## #
..##.#.# # # #
...#.#.#


You could see a hobgoblin.

Vanquished Creatures
  A dart slug (D:1)
  An orc (D:3)
  6 endoplasms
  A giant cockroach (D:1)
  2 goblins
  4 hobgoblins
  3 jackals (D:1)
  4 quokkas
  5 bats
  2 frilled lizards
  3 kobolds
  6 rats
38 creatures vanquished.

Notes
Turn   | Place    | Note
-------+----------+-------------------------------------------
     0 | D:1      | ZombieSheep the Gnoll Wanderer began the quest for the Orb.
     0 | D:1      | ZombieSheep set off with the following items: a +2 spear, a
                  | +0 robe, a +0 dagger; and the following spell memorised:
                  | Apportation; and the following spells available to
                  | memorise: Poisonous Vapours, Static Discharge, Portal
                  | Projectile
     0 | D:1      | Reached XP level 1. HP: 17/17 MP: 6/6
   262 | D:1      | Reached XP level 2. HP: 17/23 MP: 7/7
   369 | D:1      | Found a faded altar of an unknown god.
   385 | D:1      | Became a worshipper of Xom of Chaos
   893 | D:1      | Identified a scroll of acquirement
   893 | D:1      | Acquired the +1 helmet of Modern Tender Moments {Int+4}
   977 | D:2      | Reached XP level 3. HP: 28/28 MP: 9/9
  1020 | D:2      | Reached skill level 5 in Spellcasting
  1180 | D:2      | Found Fyaff's Jewellery Boutique.
  1196 | D:2      | XOM: give mutations
  1196 | D:2      | Gained mutation: You are weak. (Str -2) [Xom's mischief]
  1196 | D:2      | Gained mutation: You are very weak. (Str -4) [Xom's
                  | mischief]
  1196 | D:2      | Gained mutation: Armour fits poorly on your strangely
                  | shaped body. [Xom's mischief]
  1286 | D:2      | XOM: stat loss: -1 Str (6/7)
  1373 | D:2      | XOM: 10-stop teleportation journey
  1413 | D:2      | XOM: stat loss: -1 Dex (10/11)
  1484 | D:2      | XOM: give mutations
  1484 | D:2      | Gained mutation: You sometimes lose the ability to read
                  | scrolls when taking damage. [Xom's mischief]
  1484 | D:2      | Lost mutation: You are very weak. (Str -4) [Xom's mischief]
  1484 | D:2      | Gained mutation: Your body sometimes deteriorates upon
                  | taking damage. [Xom's mischief]
  1484 | D:2      | Gained mutation: You are very weak. (Str -4) [Xom's
                  | mischief]
  1593 | D:2      | XOM: stat loss: -1 Str (5/7)
  1858 | D:3      | Found an iron altar of Okawaru.
  2075 | D:3      | Reached skill level 1 in Invocations
  2303 | D:3      | XOM: give mutations
  2303 | D:3      | Gained mutation: You are clumsy. (Dex -2) [Xom's mischief]
  2303 | D:3      | Gained mutation: You are dopey. (Int -2) [Xom's mischief]
  2303 | D:3      | Lost mutation: You sometimes lose the ability to read
                  | scrolls when taking damage. [Xom's mischief]
  2332 | D:3      | Slain by a hobgoblin

Illustrated notes

Levels and vault maps discovered:
D:1:      dpeg_arrival_refuge, layout_loops_ring,
          hellmonk_ecumenical_altar_run_dry
D:2:      layout_loops_ring, serial_shops, shop_statue
D:3:      minmay_octagon_keep, layout_loops_ring, overflow_temple_1_default

Skill      XL: |  1  2  3 |
---------------+----------+-----
Translocations | 2 |  2.1
Spellcasting   | 5 |  5.0
Invocations    | 1 |  1.0
Fighting       | |  2.6
Short Blades   | |  0.9
Long Blades    | |  0.9
Axes           | |  0.9
Maces & Flails | |  0.9
Polearms       | |  0.9
Staves         | |  0.9
Slings         | |  0.9
Bows           | |  0.9
Crossbows      | |  0.9
Throwing       | |  2.6
Armour         | |  0.9
Dodging        | |  0.9
Stealth        | |  4.2
Shields        | |  0.9
Unarmed Combat | |  0.9
Conjurations   | |  0.6
Hexes          | |  0.6
Summonings     | |  0.6
Necromancy     | |  0.6
Transmutations | |  0.6
Fire Magic     | |  0.6
Ice Magic      | |  0.6
Air Magic      | |  3.8
Earth Magic    | |  0.6
Poison Magic   | |  0.6
Evocations     | |  2.6

Action                   || total
-------------------------++-------
Melee: Spear             ||    88
       Bite              ||     2
 Fire: Hunting sling     ||    60
 Cast: Apportation       ||     1
  Use: Scroll            ||     5
 Stab: Sleeping          ||     2
       Distracted        ||     1
Armor: Scale mail        ||    60
Dodge: Dodged            ||    31
